 Dungeon Crawl Stone Soup version 0.27.1 (webtiles) character file.

Game seed: 13627468733944058638

67 Malachi the Chopper (level 4, -2/37 HPs)
             Began as a Ghoul Gladiator on Aug 31, 2021.
             Slain by a phantom (3 damage)
             ... on level 3 of the Dungeon.
             The game lasted 00:03:17 (2210 turns).

Malachi the Chopper (Ghoul Gladiator)               Turns: 2210, Time: 00:03:18

Health: -2/37      AC:  6    Str: 18    XL:     4   Next: 18%
Magic:  3/3        EV: 11    Int:  3    God:
Gold:   94         SH:  0    Dex: 10    Spells: 3/3 levels left

rFire    . . .     SeeInvis .   a - +1 war axe
rCold    + . .     Faith    .   (no shield)
rNeg     + + +     Spirit   .   g - +0 ring mail
rPois    ∞         Reflect  .   c - +0 helmet
rElec    .         Harm     .   (no cloak)
rCorr    .         Rampage  .   (no gloves)
Will     .....                  (no boots)
Stlth    ..........             (no amulet)
HPRegen  0.00/turn              (no ring)
MPRegen  0.08/turn              (no ring)

@: inhibited regen
A: claws 1, cold resistance 1, negative energy resistance 3, inhibited
regeneration, torment resistance 2
a: no special abilities


You were on level 3 of the Dungeon.
You visited 1 branch of the dungeon, and saw 3 of its levels.

You collected 94 gold pieces.

Inventory:

Hand Weapons
 a - a +1 war axe (weapon)
Missiles
 d - 3 throwing nets (quivered)
Armour
 c - a +0 helmet (worn)
 g - a +0 ring mail (worn)
Magical Staves
 k - a staff of fire
Potions
 b - a potion of haste {unknown}
 e - 2 potions of curing {unknown}
 f - 3 potions of heal wounds {unknown}
 h - a potion of mutation {unknown}


   Skills:
 + Level 2.7 Fighting
 + Level 3.5 Axes
 + Level 1.8 Throwing
 + Level 1.1 Armour
 + Level 3.1 Dodging


You had 3 spell levels left.
You didn't know any spells.
Your spell library was empty.

Dungeon Overview and Level Annotations

Branches:
Dungeon (3/15)

Altars:
Sif Muna


Innate Abilities, Weirdness & Mutations

You thrive by killing the living.
You are immune to poison.
You have sharp fingernails.
Your flesh is cold resistant. (rC+)
You are immune to negative energy. (rN+++)
You do not regenerate when monsters are visible.
You are immune to unholy pain and torment.


Message History

You closely miss the phantom.
The phantom is lightly damaged.
The phantom hits you.
The phantom blinks!
You blink.
The phantom hits you!
You closely miss the phantom.
The phantom is lightly damaged.
The phantom hits you but does no damage.
You slash the phantom!
The phantom is heavily damaged.
The phantom closely misses you.
You hit the phantom but do no damage.
The phantom is heavily damaged.
The phantom hits you. x2; The phantom blinks!
You blink.
An adder comes into view.
Found a short sword and a robe.
You are too injured to fight recklessly!
You are too injured to fight recklessly!
You are too injured to fight recklessly!
You are too injured to fight recklessly!
You are too injured to fight recklessly!
You are too injured to fight recklessly!
You are too injured to fight recklessly!
You are too injured to fight recklessly!
Unknown command.
You barely miss the phantom.
The phantom is heavily damaged.
The phantom hits you but does no damage.
You hit the phantom.
The phantom is heavily damaged.
The phantom hits you!
* * * LOW HITPOINT WARNING * * *
You hit the phantom.
The phantom is heavily damaged.
The phantom hits you but does no damage.
The phantom hits you.
* * * LOW HITPOINT WARNING * * *
The phantom blinks!
You blink.
You barely miss the phantom.
The phantom is heavily damaged.
The phantom hits you.
You die...

#.... # #.....#
###.## #. ###.###
#. #.# #.### #.#
#####...#######.#
#.............>.#
..####.#########
###W# # #..@# #.
#.#§# #.##.#.#
#......# ###...##
#...# #........#
#.........
..........


You could see a phantom.

Vanquished Creatures
  3 gnolls (D:3)
  3 dart slugs
  3 endoplasms
  A giant cockroach (D:3)
  2 goblins
  A hobgoblin (D:1)
  2 kobolds
  A quokka (D:2)
  7 ball pythons
  6 bats
  4 frilled lizards
  3 rats
36 creatures vanquished.

Notes
Turn   | Place    | Note
-------+----------+-------------------------------------------
     0 | D:1      | Malachi the Ghoul Gladiator began the quest for the Orb.
     0 | D:1      | Reached XP level 1. HP: 17/17 MP: 0/0
   163 | D:1      | Reached XP level 2. HP: 16/25 MP: 1/1
  1073 | D:2      | Found a shimmering blue altar of Sif Muna.
  1163 | D:2      | Reached XP level 3. HP: 26/30 MP: 2/2
  1894 | D:3      | Reached skill level 1 in Armour
  1902 | D:3      | Reached XP level 4. HP: 19/37 MP: 3/3
  2192 | D:3      | Noticed a phantom
  2208 | D:3      | HP: 1/37 [phantom (6)]
  2210 | D:3      | Slain by a phantom

Illustrated notes

Levels and vault maps discovered:
D:1:      mrwooster_arrival_statue_3, layout_loops_cross
D:2:      layout_loops_ring, basic_altar
D:3:      layout_loops_cross

Skill      XL: |  1  2  3 |
---------------+----------+-----
Axes           | 3 |  3.5
Dodging        | 3 |  3.1
Armour         | 1 |  1.1
Fighting       | |  2.7
Throwing       | |  1.8

Action                   |  1- 3 |  4- 6 || total
-------------------------+-------+-------++-------
Melee: War axe           |   101 |    17 ||   118
  Use: Scroll            |       |     2 ||     2
Armor: Leather armour    |    23 |       ||    23
       Ring mail         |    23 |     6 ||    29
Dodge: Dodged            |    68 |     4 ||    72
